cohdb
Replays
Latest Replays
All Replays
Popular Replays
Top Player Replays
Match Explorer
How It Works
Community
CoH3 Stats
Reddit
Sign in to upload your games and track your stats! →
Sign in with Steam
Match 42323863
Unlisted
Match 42323863
Overview
Messages
Build Orders
End
Kradschützen Motorcycle Team
Selects Battlefield Espionage Battlegroup
Panzerpioneer Squad
Panzerpioneer Squad
Construct Light Support Kompanie
Selects Intel Disruption Beacon
Panzerjäger Squad
Fire Support Elements
2.5-tonne Medical Truck
MG34 Team
Panzerjäger Squad
Selects Plunder
Flakvierling Half-track
Otter
XperiaLife
Getmeout
Skorzeny
Kanade
patito
Kitty
Thomas Shelby
0
0
Comments
sign in to comment!
No comments posted yet!